 Dungeon Crawl Stone Soup version 0.20.0-15-g7f486f2 (webtiles) character file.

4619 StormFighter the Grappler (level 10, -1/100 HPs)
             Began as a Troll Monk on June 28, 2017.
             Was a Priest of Cheibriados.
             Slain by a wolf spider zombie (6 damage)
             ... on level 8 of the Dungeon.
             The game lasted 00:10:30 (6296 turns).

StormFighter the Grappler (Troll Monk)              Turns: 6296, Time: 00:10:31

Health: -1/100     AC:  5    Str: 32    XL:     10   Next: 19%
Magic:  18/18      EV: 10    Int: 14    God:    Cheibriados [***...]
Gold:   621        SH: 11    Dex: 20    Spells: 9/9 levels left

rFire    . . .     SeeInvis .     - Unarmed
rCold    . . .     Gourm    +   D - +0 shield
rNeg     . . .     Faith    .   a - +0 robe
rPois    .         Spirit   .   (helmet restricted)
rElec    .         Reflect  .   (no cloak)
rCorr    .         Harm     .   (gloves unavailable)
MR       .....                  (boots unavailable)
Stlth    ++........             (no amulet)
Regen    0.7/turn               g - ring of magical power
MPRegen  0.2/turn               (no ring)

@: very slow
A: unfitting armour, claws 3, fast metabolism 3, gourmand, regeneration 1,
shaggy fur 1, tough skin 2
a: Bend Time, Temporal Distortion, Renounce Religion


You were on level 8 of the Dungeon.
You worshipped Cheibriados.
Cheibriados was most pleased with you.
You were completely stuffed.

You visited 2 branches of the dungeon, and saw 9 of its levels.

You collected 621 gold pieces.

Inventory:

Missiles
 y - 2 throwing nets (quivered)
Armour
 a - a +0 robe (worn)
 D - a +0 shield (worn)
Jewellery
 f - an uncursed ring of fire
 g - a ring of magical power (left claw)
Wands
 j - a wand of iceblast (2/15)
 n - a wand of digging (5/24)
 r - a wand of polymorph (17/24)
 E - a wand of polymorph (14/24)
 H - a wand of confusion (25/48)
Scrolls
 e - 2 scrolls of immolation {unknown}
 i - 2 scrolls of fog {unknown}
 k - 2 scrolls of teleportation {unknown}
 l - 8 scrolls of remove curse {unknown}
 s - 4 scrolls of noise {unknown}
 v - 3 scrolls of recharging {unknown}
 w - 2 scrolls of identify {unknown}
 x - 2 scrolls of enchant weapon {unknown}
 A - a scroll of amnesia {unknown}
 B - a scroll of random uselessness {unknown}
 F - a scroll of enchant armour {unknown}
 G - a scroll of magic mapping {unknown}
Potions
 c - 2 potions of flight {unknown}
 d - 2 potions of resistance {unknown}
 h - a potion of mutation {unknown}
 m - a potion of lignification {unknown}
 p - 2 potions of invisibility
 q - a potion of heal wounds {unknown}
 t - a potion of degeneration {unknown}
 C - a potion of cancellation {unknown}
Comestibles
 b - 4 bread rations
 o - 12 royal jellies
 u - 6 meat rations
 z - 6 fruits


   Skills:
 * Level 6.5 Fighting
 - Level 2.4 Dodging
 - Level 1.0 Stealth
 * Level 5.5 Shields
 + Level 11.4 Unarmed Combat


You had 9 spell levels left.
You didn't know any spells.

Dungeon Overview and Level Annotations

Branches:
Dungeon (8/15)             Temple (1/1) D:7
   Lair: D:8-11

Altars:
Ashenzari
Cheibriados
Dithmenos
Elyvilon
Fedhas
Kikubaaqudgha
Makhleb
Nemelex Xobeh
Okawaru
Qazlal
Ru
Sif Muna
Trog
Vehumet
Xom
Yredelemnul
Zin

Shops:
D:7 =


Innate Abilities, Weirdness & Mutations

You are too large for most types of armour.
You have claws for hands.
Your metabolism is lightning-fast.
You like to eat raw meat.
Your natural rate of healing is unusually fast.
You are covered in fur. (AC +1)
You have very tough skin. (AC +2)


Message History

Evoke which item? (* to show all) (? for menu, Esc to quit)
Aiming: Confuse (will waste charges)
Press: ? - help, Shift-Dir - straight line, f - wyvern skeleton
Aim: a wyvern skeleton (chance to defeat MR: 58%)
The wyvern skeleton resists with significant effort.
Evoking this partially-identified wand wasted a few charges.
You block the wyvern skeleton's attack.
The wolf spider zombie barely misses you.
The wolf spider zombie bites you.
* * * LOW HITPOINT WARNING * * *
You block the wyvern skeleton's attack.
Evoke which item? (* to show all) (? for menu, Esc to quit)
Aiming: Confuse (will waste charges)
Press: ? - help, Shift-Dir - straight line, p - wyvern skeleton The wyvern skeleton resists with significant effort.
Evoking this partially-identified wand wasted a few charges.
The wolf spider zombie hits you!
* * * LOW HITPOINT WARNING * * *
The wolf spider zombie bites you.
You die...

##########.. #.# ###.
#.###### ###.# #....... #
...# ######## #.##.#
....P.# ##########
..8....#########.....(...
8.....P............#...#.
..P....8@#######.#.#<#...
.....P.ZZ# #.#.#...#.
.......†Y# #...##.##.
)∩).8....# ##..##.##.
........## ####........
........# #........###
8.88....# #.##.#####
........# # #.# ......8##
#.# ##


You could see an ice beast, a wolf spider zombie and a wyvern skeleton.

Vanquished Creatures
  Pikel (D:7)
  A hellwing (D:8)
  A hornet (D:8)
  A hungry ghost (D:7)
  A soldier ant (D:8)
  3 sky beasts
  2 black bears
  2 ice beasts
  A phantom (D:4)
  2 ogres (D:6)
  3 centaurs
  A big kobold (D:8)
  A bullfrog (D:7)
  A scorpion (D:7)
  5 killer bees (D:7)
  A bullfrog zombie (D:6)
  3 howler monkeys (D:7)
  2 crimson imps (D:5)
  2 centaur zombies
  4 hounds
  5 orc priests
  2 bullfrog skeletons (D:5)
  2 centaur skeletons
  Jessica (D:3)
  Ijyb (D:3)
  6 orc wizards
  2 iguanas
  Terence (D:3)
  5 worker ants
  A worker ant zombie (D:6)
  A howler monkey skeleton (D:4)
  12 adders
  4 gnolls
  7 shadow imps
  2 adder skeletons (D:6)
  A worm (D:3)
  A dart slug (D:1)
  2 leopard geckos
  22 orcs
  8 bats
  2 giant cockroaches
  8 goblins
  10 hobgoblins
  18 jackals
  4 quokkas
  A ball python (D:5)
  7 frilled lizards
  12 kobolds
  A leopard gecko skeleton (D:8)
  A quokka skeleton (D:5)
  16 rats
204 creatures vanquished.

Vanquished Creatures (others)
  3 slaves (D:7)
  A killer bee (D:7)
  An orc priest (D:7)
  An orc wizard (D:7)
  2 orcs (D:7)
  3 withered plants (D:8)
11 creatures vanquished.

Grand Total: 215 creatures vanquished

Notes
Turn   | Place    | Note
-------+----------+-------------------------------------------
     0 | D:1      | StormFighter the Troll Monk began the quest for the Orb.
     0 | D:1      | Reached XP level 1. HP: 22/22 MP: 0/0
    67 | D:1      | Reached XP level 2. HP: 29/29 MP: 1/1
   134 | D:1      | Reached skill level 4 in Unarmed Combat
   248 | D:1      | Reached XP level 3. HP: 36/36 MP: 2/2
  1103 | D:2      | Reached XP level 4. HP: 42/44 MP: 3/3
  1160 | D:2      | Reached skill level 5 in Unarmed Combat
  1479 | D:2      | Found a white marble altar of Elyvilon.
  1491 | D:2      | Found a deep blue altar of Sif Muna.
  1494 | D:2      | Found a sacrificial altar of Ru.
  1497 | D:2      | Found a basalt altar of Yredelemnul.
  1578 | D:3      | Noticed a moth of wrath
  1581 | D:3      | Found a bloodstained altar of Trog.
  1649 | D:3      | Reached XP level 5. HP: 26/50 MP: 4/4
  1759 | D:4      | Reached skill level 6 in Unarmed Combat
  1843 | D:3      | Noticed Ijyb
  1848 | D:3      | Killed Ijyb
  1863 | D:3      | Noticed Terence
  1873 | D:3      | Killed Terence
  1911 | D:3      | Reached XP level 6. HP: 59/59 MP: 5/5
  2087 | D:3      | Reached skill level 7 in Unarmed Combat
  2152 | D:3      | Noticed Jessica
  2157 | D:3      | Killed Jessica
  2291 | D:3      | Found a shimmering altar of Xom.
  2292 | D:3      | Found a shadowy altar of Dithmenos.
  2953 | D:4      | Reached skill level 8 in Unarmed Combat
  2953 | D:4      | Reached XP level 7. HP: 56/66 MP: 6/6
  3056 | D:4      | Found a burning altar of Makhleb.
  3148 | D:5      | Entered Level 5 of the Dungeon
  3473 | D:5      | Reached skill level 9 in Unarmed Combat
  4171 | D:6      | Reached XP level 8. HP: 58/74 MP: 7/7
  4213 | D:6      | Reached skill level 10 in Unarmed Combat
  4291 | D:6      | Found a blossoming altar of Fedhas.
  4658 | D:6      | Reached skill level 1 in Shields
  4851 | D:7      | Found a staircase to the Ecumenical Temple.
  4865 | D:7      | Noticed Pikel
  4877 | D:7      | Killed Pikel
  4877 | D:7      | Reached XP level 9. HP: 40/84 MP: 8/8
  4884 | Temple   | Entered the Ecumenical Temple
  4944 | Temple   | Became a worshipper of Cheibriados the Contemplative
  4944 | Temple   | Reached * piety under Cheibriados
  4944 | Temple   | Reached ** piety under Cheibriados
  5092 | D:7      | Reached skill level 11 in Unarmed Combat
  5230 | D:7      | Found Panoe's Jewellery Boutique.
  5646 | D:8      | Reached skill level 5 in Fighting
  5800 | D:8      | Noticed a hellwing
  5811 | D:8      | Killed a hellwing
  5899 | D:8      | Reached *** piety under Cheibriados
  5899 | D:8      | Reached skill level 5 in Shields
  6022 | D:8      | Reached XP level 10. HP: 66/98 MP: 9/9
  6296 | D:8      | HP: 5/100 [wolf spider zombie (9)]
  6296 | D:8      | Slain by a wolf spider zombie

Skill      XL: |  1  2  3  4  5  6  7  8  9 |
---------------+----------------------------+-----
Unarmed Combat | 4 5 6 8 9 10 11 | 11.4
Shields        | 3 5 |  5.5
Fighting       | 4 6 |  6.5
Dodging        | |  2.4
Stealth        | |  1.0

Action                   |  1- 3 |  4- 6 |  7- 9 | 10-12 || total
-------------------------+-------+-------+-------+-------++-------
Melee: Unarmed           |    88 |   191 |   261 |    24 ||   564
       Punch             |     2 |    11 |     4 |       ||    17
Evoke: Wand              |       |       |     2 |     2 ||     4
 Stab: Sleeping          |     4 |     2 |     2 |       ||     8
  Eat: Chunk             |    15 |    17 |    30 |     3 ||    65
Armor: Robe              |    34 |    56 |    50 |     5 ||   145
Dodge: Dodged            |    56 |   104 |    65 |    10 ||   235
Block: Shield            |       |       |    87 |    12 ||    99
